Map: Eastwatch LE

Players

RAIL - Winner!

  • Race: Protoss Protoss
  • Spawn Location: 7:00

SouLeer

  • Race: Zerg Zerg
  • Spawn Location: 1:00

Event: WCS Leipzig 2018

VOD

Have the link to the VOD?

Description

Time

  • Played on: Jan. 26, 2018, 8:03 a.m.
  • Length: 11:54

All games in this series

Show
View Real Time Build Order
Export as new Build Order

RAIL Protoss - Winner!

Build Orders: 1 Gate Expand, Oracle Opening, Phoenix Opening, Archon Immortal, Zealot Archon, Archon Drop 

Get SALT Encoding   

  12  0:00  Probe  
  13  0:12  Probe  
  14  0:19  Pylon  
  14  0:25  Probe (Chrono Boost)  
  15  0:37  Probe (Chrono Boost)  
  15  0:38  Gateway  
  16  0:46  Probe (Chrono Boost), Assimilator  
  17  0:51  Probe  
  18  1:03  Probe  
  19  1:21  Nexus  
  19  1:30  Cybernetics Core  
  19  1:33  Probe  
  20  1:42  Assimilator  
  20  1:45  Probe (Chrono Boost)  
  21  1:50  Pylon  
  22  1:55  Probe (Chrono Boost)  
  22  2:00  Probe (Chrono Boost)  
  23  2:12  Probe (Chrono Boost)  
  23  2:13  Adept  
  26  2:19  Probe (Chrono Boost)  
  27  2:23  Stargate  
  27  2:27  Probe (Chrono Boost)  
  28  2:32  Warp Gate  
  28  2:33  Probe (Chrono Boost)  
  29  2:40  Adept  
  33  2:44  Probe x2 (Chrono Boost)  
  33  2:48  Probe (Chrono Boost)  
  33  2:50  Probe  
  35  2:57  Gateway  
  35  2:59  Probe  
  35  3:02  Probe  
  37  3:06  Phoenix (Chrono Boost)  
  37  3:11  Probe  
  40  3:14  Pylon  
  40  3:15  Probe  
  40  3:19  Adept  
  43  3:23  Probe  
  44  3:30  Probe, Oracle (Chrono Boost)  
  48  3:35  Shield Battery  
  48  3:36  Probe  
  49  3:42  Probe, Pylon  
  49  3:48  Robotics Facility  
  50  3:53  Probe  
  50  3:54  Probe  
  52  3:55  Assimilator  
  52  4:04  Forge  
  52  4:05  Probe  
  52  4:07  Probe  
  52  4:09  Twilight Council  
  54  4:13  Assimilator  
  54  4:17  Probe  
  54  4:19  Probe  
  56  4:26  Gateway  
  56  4:29  Probe  
  56  4:31  Probe  
  58  4:36  Pylon  
  58  4:41  Probe, Protoss Ground Weapons Level 1, Warp Prism  
  58  4:43  Probe  
  62  4:47  Charge  
  62  4:48  Gateway  
  62  4:52  Pylon  
  58  5:08  Zealot  
  60  5:21  Templar Archives  
  60  5:22  Nexus, Gateway  
  60  5:25  Gateway  
  60  5:26  Pylon  
  59  5:45  Zealot x3  
  59  5:46  Gateway, Zealot  
  59  5:48  Gateway  
  59  5:49  Probe x2  
  69  5:59  Immortal (Chrono Boost)  
  72  6:06  Pylon  
  72  6:07  High Templar x4  
  72  6:11  Archon x2  
  79  6:13  Pylon  
  79  6:19  Shield Battery  
  79  6:20  Sentry, Zealot  
  83  6:26  Probe  
  83  6:30  Immortal  
  88  6:33  Probe  
  88  6:38  Probe  
  88  6:39  Zealot x3  
  96  6:42  Zealot  
  91  6:47  Zealot  
  91  6:52  High Templar x2, Zealot  
  91  6:53  Probe  
  96  7:01  Probe x2  
  96  7:08  Zealot x4  
  102  7:12  Zealot  
  106  7:20  Probe  
  107  7:24  Pylon  
  107  7:26  Protoss Ground Weapons Level 2 (Chrono Boost)  
  107  7:27  Pylon  
  107  7:32  Zealot  
  92  7:37  Probe  
  92  7:39  Archon  
  92  7:43  Probe x2  
  82  7:46  Immortal (Chrono Boost)  
  82  7:49  Probe  
  82  7:50  High Templar x2, Zealot x5  
  101  7:55  Probe, Sentry, Archon  
  104  8:01  Probe  
  105  8:08  Probe  
  105  8:10  Zealot x3  
  105  8:11  Zealot x2  
  112  8:21  Immortal (Chrono Boost)  
  112  8:25  High Templar  
  112  8:26  High Templar, Zealot  
  112  8:30  Zealot  
  112  8:31  Archon  
  108  8:40  Zealot x3  
  103  8:48  Zealot x2  
  106  8:56  Assimilator x2, Zealot  
  106  8:58  Immortal (Chrono Boost)  
  112  9:03  Pylon  
  112  9:05  High Templar x2, Zealot x3, Pylon  
  112  9:07  Photon Cannon  
  112  9:08  Archon  
  122  9:12  Zealot x2  
  126  9:17  Psionic Storm  
  126  9:20  Zealot  
  128  9:25  Pylon  
  128  9:26  Pylon  
  128  9:27  Immortal (Chrono Boost)  
  132  9:37  High Templar x2  
  136  9:45  Gateway  
  136  9:46  Gateway  
  136  9:48  Pylon  
  136  9:49  Immortal  
  136  9:56  Sentry  
  136  9:57  Zealot x2  
  146  10:05  Pylon  
  146  10:08  High Templar  
  148  10:15  High Templar, Zealot  
  148  10:17  Nexus  
  148  10:20  Pylon  
  152  10:31  Zealot x5  
  162  10:38  Zealot  
  158  11:04  Zealot x6  
  152  11:08  High Templar x2  
  152  11:09  Zealot x2  
  155  11:22  Archon  
  155  11:24  Photon Cannon  
  149  11:26  Photon Cannon  
  149  11:27  Zealot  
  149  11:28  High Templar, Pylon  
  149  11:29  High Templar, Zealot x3  
  157  11:34  Archon  
  155  11:43  Zealot  
  155  11:44  Zealot x3  
  157  11:50  High Templar x2, Zealot  
Show
View Real Time Build Order
Export as new Build Order

SouLeer Zerg 

Build Orders: Hatch First 

Get SALT Encoding   

  12  0:00  Drone  
  13  0:12  Overlord  
  13  0:16  Drone  
  14  0:30  Drone x2  
  14  0:34  Drone  
  17  0:52  Hatchery  
  17  0:55  Drone  
  17  0:58  Drone  
  18  1:09  Extractor  
  17  1:13  Spawning Pool  
  17  1:16  Drone  
  17  1:19  Drone  
  18  1:28  Drone  
  19  1:39  Overlord  
  19  1:50  Drone  
  20  1:59  Queen  
  20  2:00  Zergling x2  
  23  2:03  Queen  
  23  2:04  Zergling x2  
  26  2:12  Metabolic Boost  
  26  2:13  Drone  
  26  2:15  Drone  
  28  2:21  Drone  
  29  2:35  Hatchery  
  29  2:36  Drone  
  29  2:38  Drone  
  29  2:43  Overlord  
  30  2:47  Drone  
  31  2:53  Queen  
  31  2:56  Drone  
  31  2:58  Drone  
  35  3:00  Drone  
  36  3:06  Drone  
  36  3:08  Drone x2  
  36  3:12  Drone x2  
  41  3:14  Drone  
  41  3:15  Drone  
  41  3:17  Drone  
  44  3:23  Overlord  
  44  3:31  Drone, Spore Crawler  
  44  3:35  Spore Crawler  
  44  3:36  Overlord  
  43  3:42  Extractor, Overlord  
  43  3:46  Drone x4  
  46  3:52  Drone, Roach Warren  
  46  3:55  Overlord  
  46  4:00  Queen  
  48  4:06  Spore Crawler  
  48  4:08  Drone x3  
  50  4:10  Zergling x2  
  50  4:13  Zergling x2  
  50  4:14  Zergling x2  
  52  4:22  Lair, Overlord  
  52  4:27  Spore Crawler  
  52  4:28  Drone x2  
  54  4:35  Evolution Chamber  
  54  4:36  Zergling x2  
  54  4:37  Zergling x8  
  58  4:46  Zergling x2  
  58  4:48  Drone x2  
  58  4:49  Drone x4  
  58  4:52  Overlord  
  65  4:53  Extractor  
  64  5:02  Overlord  
  64  5:04  Roach x4  
  72  5:08  Zerg Missile Weapons Level 1  
  72  5:13  Roach  
  74  5:14  Roach  
  74  5:15  Roach  
  74  5:20  Overlord  
  77  5:22  Drone x3  
  77  5:26  Overlord  
  80  5:32  Roach x3  
  84  5:39  Roach x3  
  84  5:42  Roach x2  
  93  5:45  Roach  
  95  5:52  Roach x4  
  104  5:57  Zergling x4  
  104  5:58  Overlord  
  104  6:02  Overlord  
  105  6:07  Overlord  
  105  6:08  Extractor  
  105  6:09  Zergling x2  
  105  6:13  Overlord  
  105  6:16  Glial Reconstitution  
  105  6:18  Overlord  
  105  6:21  Roach x2  
  105  6:22  Roach x2  
  105  6:24  Drone x2  
  112  6:27  Ravager x2  
  112  6:28  Zergling x4  
  115  6:37  Zergling x10  
  115  6:38  Zergling x2  
  120  6:45  Zergling x12  
  122  6:50  Zergling x4  
  122  6:52  Zergling x2  
  107  6:55  Roach  
  107  6:57  Roach  
  102  7:01  Roach  
  102  7:03  Roach x2  
  102  7:05  Roach  
  102  7:07  Roach  
  107  7:09  Ravager x2  
  107  7:10  Zergling x2  
  107  7:13  Roach x3  
  116  7:17  Roach x2  
  116  7:20  Roach  
  122  7:26  Roach  
  124  7:34  Roach x2  
  124  7:35  Roach x4  
  118  7:38  Roach  
  119  7:44  Roach x2  
  119  7:45  Roach  
  119  7:48  Roach x2  
  129  7:52  Roach  
  129  7:53  Zergling x2  
  129  7:57  Zergling x4  
  134  8:01  Zergling x8  
  134  8:05  Roach  
  137  8:07  Ravager  
  137  8:08  Ravager  
  137  8:09  Zergling x6  
  137  8:10  Zergling x2  
  137  8:11  Zergling x2  
  137  8:23  Roach x5  
  122  8:28  Roach x4  
  122  8:33  Roach  
  116  8:36  Zergling x2  
  116  8:37  Zergling x8  
  100  8:43  Zergling x2  
  100  8:47  Roach  
  95  8:49  Roach x3  
  95  8:53  Roach x2  
  95  8:54  Queen  
  103  8:58  Extractor, Roach x2  
  103  9:01  Ravager  
  107  9:04  Zergling x2  
  107  9:05  Zergling x4  
  107  9:06  Ravager  
  107  9:07  Zergling x2  
  112  9:11  Roach  
  112  9:14  Roach  
  116  9:17  Roach  
  116  9:21  Drone x4  
  120  9:26  Drone x3  
  120  9:29  Extractor  
  122  9:33  Drone, Nydus Network  
  122  9:34  Overseer  
  122  9:38  Ravager  
  123  9:40  Roach  
  125  9:46  Drone x5  
  125  9:50  Roach  
  125  9:51  Roach  
  134  9:53  Ravager x2  
  136  10:01  Roach x3  
  136  10:04  Drone  
  143  10:12  Overlord x3  
  143  10:14  Zergling x4  
  145  10:31  Overlord  
  145  10:32  Roach x4  
  145  10:34  Roach  
  155  10:39  Roach x2  
  157  10:42  Overseer  
  157  10:46  Roach x2  
  157  10:48  Ravager  
  157  10:49  Hatchery, Overlord x2  
  148  11:03  Roach  
  148  11:04  Roach x7  
  148  11:06  Roach  
  148  11:08  Roach  
  145  11:14  Roach x3  
  139  11:18  Roach  
  139  11:19  Roach  
  139  11:23  Roach x3  
  134  11:25  Roach  
  134  11:31  Roach x3  
Tags
 
Add a new tag
Caveats
  • Supply blocks, unpowered buildings, or Contaminate may cause inaccurate times.
  • Supply counts are checked every 10 seconds.